 Dungeon Crawl Stone Soup version 0.22.0-38-g04b72b8 (webtiles) character file.

1103 brik the Slicer (level 8, -8/36 HPs)
             Began as a Spriggan Enchanter on Aug 29, 2018.
             Was a Believer of Dithmenos.
             Mangled by an orc warrior
             ... wielding a +0 scimitar
              (26 damage)
             ... on level 6 of the Dungeon.
             The game lasted 00:19:16 (6355 turns).

brik the Slicer (Spriggan Enchanter)                Turns: 6355, Time: 00:19:17

Health: -8/36      AC:  2    Str:  4    XL:     8   Next: 11%
Magic:  12/13      EV: 19    Int: 16    God:    Dithmenos [**....]
Gold:   264        SH:  0    Dex: 21    Spells: 6/12 levels left

rFire    . . .     SeeInvis +   g - +0 dagger (elec)
rCold    . . .     Gourm    .   (shield restricted)
rNeg     . . .     Faith    .   b - +0 robe
rPois    .         Spirit   .   (helmet restricted)
rElec    .         Reflect  .   (no cloak)
rCorr    .         Harm     .   (gloves unavailable)
MR       +....     Rnd*Tele +   (boots unavailable)
Stlth    +++++.....             c - amulet of magic regeneration
HPRegen  0.12/turn              r - ring of teleportation (curse)
MPRegen  0.38/turn              v - +2 ring of dexterity

@: wreathed by umbra, very quick
A: very small, unfitting armour, see invisible, herbivore, speed 3, slow
metabolism 2
a: Shadow Step, Renounce Religion


You were on level 6 of the Dungeon.
You worshipped Dithmenos.
Dithmenos was pleased with you.
You were hungry.

You visited 2 branches of the dungeon, and saw 7 of its levels.
You also visited: Sewer.

You collected 264 gold pieces.

Inventory:

Hand Weapons
 a - a +1 dagger
 g - a +0 dagger of electrocution (weapon)
Missiles
 q - 2 tomahawks (quivered)
 x - 7 javelins
Armour
 b - a +0 robe (worn)
Jewellery
 c - an amulet of magic regeneration (around neck)
 r - a cursed ring of teleportation (left hand)
 v - a +2 ring of dexterity (right hand)
Wands
 y - a wand of flame (26)
Scrolls
 j - 2 scrolls of blinking
 o - 7 scrolls of teleportation {unknown}
 s - 2 scrolls of fear {unknown}
 t - 3 scrolls of identify {unknown}
 u - 2 scrolls of random uselessness {unknown}
 z - a scroll of brand weapon {unknown}
 B - a scroll of enchant armour {unknown}
 C - a scroll of amnesia
Potions
 e - 2 potions of might {unknown}
 f - 3 potions of curing {unknown}
 h - 2 potions of agility {unknown}
 i - 2 potions of heal wounds {unknown}
 k - 3 potions of cancellation {unknown}
 l - a potion of haste {unknown}
 m - a potion of ambrosia {unknown}
 n - 3 potions of flight {unknown}
 p - 2 potions of degeneration {unknown}
 w - 2 potions of lignification {unknown}
 A - a potion of magic {unknown}
Comestibles
 d - 7 rations


   Skills:
 + Level 8.4 Short Blades
 - Level 3.0 Dodging
 + Level 7.2 Stealth
 - Level 2.6 Spellcasting
 - Level 6.4 Hexes


You had 6 spell levels left.
You knew the following spells:

 Your Spells              Type           Power        Failure   Level  Hunger
a - Corona                Hex            ###....      1%          1    #......
b - Ensorcelled Hibernat  Hex/Ice        ##....       8%          2    ##.....
c - Tukima's Dance        Hex            ###.....     4%          3    ###....

Your spell library contained the following spells:

 Spells                   Type           Power        Failure   Level  Hunger
 Confuse                  Hex            ###.....     4%          3    ###....
 Dazzling Spray           Conj/Hex       ##....       16%         3    ###....
 Inner Flame              Hex/Fire       ##......     16%         3    ###....
 Flame Tongue             Conj/Fire      #....        19%         1    #......
 Throw Flame              Conj/Fire      #.....       28%         2    ##.....
 Conjure Flame            Conj/Fire      #.......     50%         3    ###....
 Sticky Flame             Conj/Fire      #.......     88%         4    #####..
 Fireball                 Conj/Fire      #.........   99%         5    ######.


Dungeon Overview and Level Annotations

Branches:
Dungeon (6/15)             Temple (1/1) D:4

Altars:
Dithmenos
Elyvilon
Gozag
Kikubaaqudgha
Makhleb
Nemelex Xobeh
Okawaru
Qazlal
Sif Muna
Trog
Uskayaw
Xom
Zin

Shops:
D:5 *   D:6 =


Innate Abilities, Weirdness & Mutations

You are very small and have problems with some larger weapons.
You are too small for most types of armour.
You have supernaturally acute eyesight. (SInv)
You are a herbivore.
You cover ground extremely quickly.
You need to consume almost no food.


Message History

The orc warrior is heavily wounded.
Casting: Ensorcelled Hibernation (safe; 8% risk of failure)
Confirm with . or Enter, or press ? or * to list all spells.
Aiming: Ensorcelled Hibernation (safe; 8% risk of failure)
Press: ? - help, Shift-Dir - straight line, f/p - orc warrior
Aim: an orc warrior, wielding a scimitar and wearing a plate armour (heavily wounded, umbra, not susceptible)
Okay, then.
Casting: Ensorcelled Hibernation (safe; 8% risk of failure)
Confirm with . or Enter, or press ? or * to list all spells.
Aiming: Ensorcelled Hibernation (safe; 8% risk of failure)
Press: ? - help, Shift-Dir - straight line, f - orc wizard, p - orc warrior
Aim: an orc wizard, wielding a dagger and wearing a robe (chance to defeat MR: 43%)
Okay, then.
You hit the orc warrior but do no damage.
The orc warrior is heavily wounded.
You hit the orc warrior but do no damage.
The orc warrior is heavily wounded.
The orc warrior hits you with a scimitar!!
Ouch! That really hurt!
You die...

#.##..............(∩......
...................5......
#.....[...................
#...........o..........
#...<......o...........
#...<.................⌠
##.########.####.#####.
#######.########5####.#
..........)..@oo......#
#######.########.####.#
#.# #.# #.# #.#
#####'########.#
#...........##.#
#....[......##.#
#...........##.#
##...........##.#


You could see an orc warrior, an orc wizard and a quasit.

Vanquished Creatures
  2 ice beasts (D:5)
  A centaur (D:5)
  A big kobold (D:4)
  A bullfrog (D:6)
  A scorpion (D:4)
  2 orc priests
  2 hounds (D:4)
  A bullfrog skeleton (D:6)
  6 orc wizards
  2 worker ants (D:4)
  A hound skeleton (D:4)
  3 gnolls (D:5)
  6 adders
  A shadow imp (D:6)
  4 oozes (Sewer)
  An adder skeleton (D:4)
  8 worms
  2 dart slugs
  5 leopard geckos
  17 orcs
  10 giant cockroaches
  4 hobgoblins
  17 jackals
  A quokka (D:5)
  2 ball pythons (D:1)
  16 bats
  8 frilled lizards
  A giant cockroach zombie (D:5)
  3 goblins
  23 kobolds
  2 leopard gecko zombies
  10 rats
164 creatures vanquished.

Vanquished Creatures (others)
  A plant (D:4)
1 creature vanquished.

Grand Total: 165 creatures vanquished

Notes
Turn   | Place    | Note
-------+----------+-------------------------------------------
     0 | D:1      | brik the Spriggan Enchanter began the quest for the Orb.
     0 | D:1      | Reached XP level 1. HP: 9/9 MP: 5/5
   119 | D:1      | Reached skill level 2 in Short Blades
   226 | D:1      | Reached XP level 2. HP: 4/13 MP: 6/6
   436 | D:1      | Learned a level 2 spell: Ensorcelled Hibernation
   868 | D:1      | Reached skill level 5 in Stealth
  1064 | D:1      | Reached XP level 3. HP: 16/16 MP: 8/8
  1404 | D:2      | Found a burning altar of Makhleb.
  1698 | D:2      | Reached skill level 3 in Short Blades
  2159 | D:3      | Reached XP level 4. HP: 20/21 MP: 9/9
  2325 | D:3      | Found an opulent altar of Gozag.
  2428 | D:3      | Reached skill level 4 in Short Blades
  2486 | D:3      | Reached XP level 5. HP: 20/24 MP: 4/10
  2495 | D:3      | Reached skill level 5 in Short Blades
  3149 | D:4      | Found a staircase to the Ecumenical Temple.
  3155 | D:4      | Reached skill level 6 in Short Blades
  3155 | D:4      | Reached XP level 6. HP: 28/28 MP: 11/11
  3161 | D:4      | Learned a level 3 spell: Tukima's Dance
  3163 | Temple   | Entered the Ecumenical Temple
  3200 | Temple   | Became a worshipper of Dithmenos the Shadowed
  3335 | D:4      | Found a glowing drain.
  3501 | Sewer    | Entered a sewer
  3813 | Sewer    | Reached * piety under Dithmenos
  4624 | D:4      | Reached XP level 7. HP: 29/32 MP: 6/12
  4638 | D:4      | Reached skill level 5 in Hexes
  4692 | D:4      | Reached skill level 7 in Short Blades
  4749 | D:4      | Reached ** piety under Dithmenos
  5111 | D:4      | Found a white marble altar of Elyvilon.
  5169 | D:4      | Found a deep blue altar of Sif Muna.
  5337 | D:5      | Entered Level 5 of the Dungeon
  5505 | D:5      | Found Unnounge's Assorted Antiques.
  5581 | D:5      | Reached skill level 8 in Short Blades
  5862 | D:5      | Found a sparkling altar of Nemelex Xobeh.
  5949 | D:5      | Reached XP level 8. HP: 36/36 MP: 9/13
  6269 | D:6      | Found Zipterr's Jewellery Shoppe.
  6355 | D:6      | Mangled by an orc warrior

Skill      XL: |  1  2  3  4  5  6  7  8 |
---------------+-------------------------+-----
Short Blades   | 2 3 4 6 8 |  8.4
Stealth        | 5 6 7 |  7.2
Hexes          | 4 6 |  6.4
Dodging        | |  3.0
Spellcasting   | |  2.6

Action                   |  1- 3 |  4- 6 |  7- 9 || total
-------------------------+-------+-------+-------++-------
Melee: Dagger            |   123 |   238 |   153 ||   514
Throw: Tomahawk          |       |       |     1 ||     1
 Cast: Corona            |     6 |     1 |     3 ||    10
       Ensorcelled Hiber |     7 |    19 |    12 ||    38
  Use: Scroll            |       |     3 |     1 ||     4
       Potion            |       |       |     1 ||     1
 Stab: Sleeping          |    17 |    19 |    14 ||    50
       Invisible         |       |       |     1 ||     1
  Eat: Ration            |       |     2 |     1 ||     3
Armor: Robe              |    11 |    29 |     6 ||    46
Dodge: Dodged            |    80 |   198 |    79 ||   357
